[Event "Vegagatan O1800 RPD"]
[Site "Goteborgs Schackcentrum, Vegatan 20, Gothenburg, Sweden"]
[Date "2025.05.03"]
[Round "1.1"]
[White "Torres, Lucas"]
[Black "Kaplan, Viktor"]
[Result "0-1"]
[TimeControl "29 minutes + 30 seconds per move from move one"]
[WhiteFideId "1769464"]
[BlackFideId "1780956"]
[WhiteElo "1998"]
[BlackElo "1822"]

1. e4 e6 2. d4 d5 3.
Nc3 Nf6 4. Bg5 Bb4 5. e5 h6 6.
Bd2 Bxc3 7. bxc3 Ne4 8. Bd3 Nxd2 9. Qxd2 c5 10. Nf3 Nc6 11. O-O Qa5 12. Rfd1 Bd7 13. Rab1 c4 14. Be2 O-O-O 15. Rb2 Ne7 16. Rdb1 Qc7 17. Qc1 Bc6 18. Rb4 Kb8 19. a4 Ka8 20. Qa3 f5 21. a5 g5 22. Nd2 Nc8 23. Bf3 g4 24.
Be2 h5 25. Bxc4 dxc4 26. Nxc4 h4 27. Nb6+ Kb8 28. Na4 Qxa5 29. Qb3 Qd5 30. Qxd5 Bxd5 31. Nc5 Nb6 32. Nd3 Rc8 33. Nc5 h3 34.
g3 Rh7 35. Kf1 Rhc7 36. Ke2 Rxc5 37. dxc5 Rxc5 38. Kd3 Bc4+ 39. Kd4 Rd5+ 40. Ke3 Rxe5+ 41. Kf4 Re2 42. Kg5 Rxf2 43. Rh1 Bd5 44.
Re1 Rxc2 45. Kf6 Rxh2 46. c4 Bxc4 47. Kf7 Rd2 48. Rc1 h2 49. Rbb1 Bd5 50. Ke7 h1=Q 51. Rxh1 Bxh1 52. Rxh1 Rg2 53. Kxe6 Rxg3 54. Kxf5 a5 55.
Kf4 Rg2 56. Ke3 a4 57. Kd4 a3 58. Kc5 Ka7 59. Kb5 g3 60. Ka5 Rh2 61. Ra1 a2 62. Kb5 Rb2+ 63. Ka5 Nc4+ 0-1

[Event "Vegagatan O1800 RPD"]
[Site "Goteborgs Schackcentrum, Vegatan 20, Gothenburg, Sweden"]
[Date "2025.05.03"]
[Round "1.2"]
[White "Garby, Jacob"]
[Black "Kenani, Dariush"]
[Result "0-1"]
[TimeControl "29 minutes + 30 seconds per move from move one"]
[WhiteFideId "1786520"]
[BlackFideId "1707973"]
[WhiteElo "1820"]
[BlackElo "2075"]

1. d4 Nf6 2. c4 e6 3. Nf3 d5 4. e3 Be7 5. Nc3 O-O 6. Bd3 b6 7. O-O Bb7 8. b3 Nbd7 9. Re1 c5 10.
e4 cxd4 11. Nxd4 dxc4 12. Bxc4 Ne5 13. Bf1 Bb4 14. Bb2 Rc8 15. Rc1 Bxc3 16. Bxc3 Nxe4 17. Nxe6 Qxd1 18. Rcxd1 Nxc3 19. Nxf8 Nxd1 20.
Rxd1 Kxf8 21. f4 Nc6 22. Rd7 Nd8 23. Bc4 Ke8 24. Bb5 Bc6 25. Bxc6 Nxc6 0-1

[Event "Vegagatan O1800 RPD"]
[Site "Goteborgs Schackcentrum, Vegatan 20, Gothenburg, Sweden"]
[Date "2025.05.03"]
[Round "1.3"]
[White "Gallardo, Guillermo"]
[Black "Klouda, James"]
[Result "1-0"]
[TimeControl "29 minutes + 30 seconds per move from move one"]
[WhiteFideId "1773488"]
[BlackFideId "1795759"]
[WhiteElo "1779"]
[BlackElo "1814"]

1. Nf3 d5 2. c4 c6 3. cxd5 cxd5 4. d4 Bf5 5. Nc3 a6 6. g3 e6 7. a3 Nf6 8. Bg2 g6 9. Nh4 Ne4 10.
Nxf5 Nxc3 11. bxc3 exf5 12. Qb3 Bg7 13. Qxb7 Nd7 14. Qxd5 Rb8 15. a4 O-O 16. O-O Qc7 17. Bf4 Qxc3 18.
Bxb8 Nxb8 19. e3 Bh6 20. Rfc1 Qd2 21. Rc7 Bxe3 22. fxe3 Qxe3+ 23. Kh1 Kg7 24. Qe5+ Qxe5 25. dxe5 Re8 26.
Bd5 Rxe5 27. Bxf7 Kh6 28. Rb1 Kg5 29. Rxb8 Kg4 30. Rb4+ Kh3 31. Rh4# 1-0

[Event "Vegagatan O1800 RPD"]
[Site "Goteborgs Schackcentrum, Vegatan 20, Gothenburg, Sweden"]
[Date "2025.05.03"]
[Round "1.4"]
[White "Karlsson, Roger"]
[Black "Christoforidis, Nicolas"]
[Result "1-0"]
[TimeControl "29 minutes + 30 seconds per move from move one"]
[WhiteFideId "1732293"]
[BlackFideId "1789180"]
[WhiteElo "1886"]
[BlackElo "1829"]

1. d4 Nf6 2. Bg5 e6 3. Nf3 Be7 4. e3 d5 5. Nbd2 Nbd7 6. Be2 c5 7. c3 O-O 8. O-O Ne8 9. Bxe7 Qxe7 10. e4 cxd4 11. Nxd4 dxe4 12. Nxe4 Nef6 13. Qc2 Nc5 14.
Ng3 a5 15. Rae1 Bd7 16. Bb5 Bxb5 17. Nxb5 Qd7 18. Nd4 Rfd8 19. Re5 Qc7 20. Re2 Rac8 21. Nb3 Nd3 22. Nc1 Nf4 23. Re3 Qc6 24.
Ne4 N6d5 25. Rf3 f5 26. Ng3 Nb4 27. Qb3 Nbd3 28. Nxf5 Qc5 29. Nxd3 Nxd3 30. Nd4 Rxd4 31. cxd4 1-0

[Event "Vegagatan O1800 RPD"]
[Site "Goteborgs Schackcentrum, Vegatan 20, Gothenburg, Sweden"]
[Date "2025.05.03"]
[Round "2.1"]
[White "Kenani, Dariush"]
[Black "Torres, Lucas"]
[Result "0-1"]
[TimeControl "29 minutes + 30 seconds per move from move one"]
[WhiteFideId "1707973"]
[BlackFideId "1769464"]
[WhiteElo "2075"]
[BlackElo "1998"]

1. d4 Nf6 2. c4 d6 3. g3 g6 4. Bg2 Bg7 5. e4 O-O 6. Nc3 e5 7. Nge2 Nc6 8. d5 Ne7 9. O-O Nd7 10.
f4 f5 11. Kh1 a6 12. Be3 fxe4 13. Nxe4 Nf5 14. Bg1 Nf6 15. fxe5 Nxe4 16. Bxe4 Bxe5 17. Qd2 Bg7 18. Rae1 Bd7 19.
Nf4 Qg5 20. b4 Rae8 21. Bg2 Qh6 22. Qd3 Rxe1 23. Rxe1 Be5 24. Ne2 Re8 25. Bf2 Ng7 26. Nd4 Nh5 27. Kg1 Nf6 28. Be3 Qg7 29.
Nf3 Bf5 30. Qb3 Ng4 31. Ba7 b6 32. Nxe5 Nxe5 33. c5 Nf3+ 34. Bxf3 Rxe1+ 35. Kf2 Re8 36. Kg2 Qd4 0-1

[Event "Vegagatan O1800 RPD"]
[Site "Goteborgs Schackcentrum, Vegatan 20, Gothenburg, Sweden"]
[Date "2025.05.03"]
[Round "2.2"]
[White "Kaplan, Viktor"]
[Black "Gallardo, Guillermo"]
[Result "1/2-1/2"]
[TimeControl "29 minutes + 30 seconds per move from move one"]
[WhiteFideId "1780956"]
[BlackFideId "1773488"]
[WhiteElo "1822"]
[BlackElo "1779"]

1. d4 Nf6 2. c4 b6 3. Nf3 Bb7 4. g3 e6 5. Bg2 g6 6. Nc3 Bg7 7. O-O O-O 8. d5 exd5 9. cxd5 d6 10. e4 Nbd7 11. Nd4 Ne5 12. f4 Ned7 13.
Be3 Nb8 14. Rc1 c5 15. dxc6 Nxc6 16. e5 Nxd4 17. Bxb7 Nf5 18. Bf2 dxe5 19. fxe5 Qxd1 20. Rfxd1 Ng4 21. Bxa8 Rxa8 22. Nd5 Nxe5 23.
Rc7 Nf3+ 24. Kg2 N3d4 25. Ne7+ Nxe7 26. Bxd4 Nf5 27. Bxg7 Ne3+ 28. Kf3 Nxd1 29. Bf6 Re8 30. Rxa7 Ne3 31.
Re7 Rxe7 32. Bxe7 Nd5 33. Bd6 f5 34. Ke2 Kf7 35. Be5 Ke6 36. Bb8 g5 37. Kf3 h5 38. h4 gxh4 39. gxh4 b5 40.
Bf4 Nb4 41. Bd2 Nd3 42. Bc3 Kd5 43. Ke3 Kc4 44. Bf6 f4+ 45. Ke2 Nc5 46. Kf3 Ne6 47. Be5 Kd3 48. Bxf4 Nd4 49. Kf2 Nf5 50.
Bg5 Nd4 51. Bf6 Nf5 52. Kf3 Nd6 53. Kf4 Ne4 54. Bg7 Nc5 55. Kg5 Ne6+ 56. Kh6 Nxg7 57. Kxg7 Kc2 58. b4 Kc3 59. Kg6 Kxb4 60. Kxh5 Ka3 61. Kg5 Kxa2 62. h5 b4 63. h6 b3 64. h7 b2 65. h8=R b1=Q 66. Ra8+ Kb2 67. Rb8+ Kc2 68. Rxb1 Kxb1 1/2-1/2

[Event "Vegagatan O1800 RPD"]
[Site "Goteborgs Schackcentrum, Vegatan 20, Gothenburg, Sweden"]
[Date "2025.05.03"]
[Round "2.3"]
[White "Karlsson, Roger"]
[Black "Garby, Jacob"]
[Result "1-0"]
[TimeControl "29 minutes + 30 seconds per move from move one"]
[WhiteFideId "1732293"]
[BlackFideId "1786520"]
[WhiteElo "1886"]
[BlackElo "1820"]

1. d4 d5 2. Bg5 Nf6 3. Bxf6 exf6 4. e3 Nc6 5. c4 Nb4 6. a3 Nc6 7. cxd5 Qxd5 8. Nc3 Qd8 9. Bb5 Bd6 10.
d5 a6 11. dxc6 axb5 12. Nxb5 bxc6 13. Nc3 O-O 14. Nge2 f5 15. O-O Qh4 16. Ng3 Ba6 17. Re1 Rfd8 18. Qf3 Bxg3 19. hxg3 Qf6 20.
Red1 Rd3 21. Rxd3 Bxd3 22. Qf4 Qe7 23. Rd1 Bc2 24. Rd2 Be4 25. Nxe4 fxe4 26. Qf5 Qe6 27. Qxe6 fxe6 28. Kf1 Ra7 29.
Ke2 Kf7 30. Kd1 Kf6 31. Kc2 Ke5 32. Rd7 Kf6 33. Kb3 e5 34. a4 h5 35. Ka3 g6 36. b4 Ke6 37. Rd2 Ra6 38. Kb3 c5 39.
bxc5 c6 40. Rd8 Ra7 41. Rd6+ Kf5 42. Rxc6 Rd7 43. Rc8 Ke6 44. Rf8 Kd5 45. c6 Kxc6 46. Rf6+ Kc5 47. Rxg6 Rd2 48. Rf6 Rd3+ 49.
Kc2 Ra3 50. Rf5 Kd5 51. Kb2 Rxa4 52. Rxh5 Ra8 53. Rf5 Ke6 54. g4 Rg8 55. f3 exf3 56. gxf3 e4 57. fxe4 Rxg4 58. Kc2 Rxe4 59.
Rf8 Ke7 60. Rf3 Kd6 61. Kd3 Ke5 62. Rf8 Ra4 63. Rd8 Ra3+ 64. Ke2 Ra4 65. Re8+ Kf5 66. Kf3 Rb4 67. Rc8 Ke5 68. Rc5+ Kd6 69. Rh5 Ke6 70. e4 Rb8 71. Rf5 Rb4 72. Kf4 Rd4 73.
Rh5 Kf6 74. Rh6+ Kg7 75. Rb6 Rd1 76. Kf5 Rf1+ 77. Ke5 Re1 78. Rb7+ Kg6 79. Re7 Kg5 80. Rg7 Kh6 81. Rg2 Kh5 82.
Kf5 Rf1+ 83. Ke6 1-0

[Event "Vegagatan O1800 RPD"]
[Site "Goteborgs Schackcentrum, Vegatan 20, Gothenburg, Sweden"]
[Date "2025.05.03"]
[Round "2.4"]
[White "Christoforidis, Nicolas"]
[Black "Klouda, James"]
[Result "0-1"]
[TimeControl "29 minutes + 30 seconds per move from move one"]
[WhiteFideId "1789180"]
[BlackFideId "1795759"]
[WhiteElo "1829"]
[BlackElo "1814"]

1. d4 d6 2. Bf4 Nf6 3. e3 g6 4. Be2 Bg7 5. Nd2 Bf5 6. h3 Nbd7 7. Ngf3 a6 8. c3 c5 9. Nh4 Be4 10.
Nxe4 Nxe4 11. Nf3 b5 12. O-O d5 13. Qc2 e6 14. a4 c4 15. b3 Ndf6 16. bxc4 bxc4 17. Rab1 a5 18. Rb2 O-O 19.
Rfb1 Nd7 20. Rb7 Qe7 21. Ne5 Bxe5 22. Bxe5 Qh4 23. g3 Qd8 24. Bc7 Qf6 25. f3 Ng5 26. Kg2 e5 27. h4 Ne6 28.
Bd6 Rfd8 29. Ba3 g5 30. hxg5 Nxg5 31. Rh1 Rab8 32. Rxb8 Rxb8 33. f4 exf4 34. exf4 Ne4 35. Bf3 Qg6 36.
Bxe4 Qxe4+ 37. Qxe4 dxe4 38. Rh5 Rb3 39. Rg5+ Kh8 40. Be7 f6 41. Rd5 Nb6 42. Bxf6+ Kg8 43. Rxa5 e3 44. Kf3 Rxc3 45.
Re5 Rd3 46. a5 Nd7 47. Re7 Nxf6 48. a6 Ra3 49. a7 c3 50. Rc7 c2 51. Rxc2 Rxa7 52. g4 Re7 53. g5 Nd5 54. f5 Kf7 55.
Rg2 Nc3 56. g6+ hxg6 57. fxg6+ Kg7 58. Rg1 e2 59. Kf2 Nd1+ 60. Ke1 Nc3 61. Rg3 Nd5 62. Rg1 Nf4 63. Kd2 Ng2 0-1

[Event "Vegagatan O1800 RPD"]
[Site "Goteborgs Schackcentrum, Vegatan 20, Gothenburg, Sweden"]
[Date "2025.05.03"]
[Round "3.1"]
[White "Gallardo, Guillermo"]
[Black "Kenani, Dariush"]
[Result "0-1"]
[TimeControl "29 minutes + 30 seconds per move from move one"]
[WhiteFideId "1773488"]
[BlackFideId "1707973"]
[WhiteElo "1779"]
[BlackElo "2075"]

1. Nf3 c5 2. c4 Nc6 3. Nc3 Nf6 4. g3 g6 5. Bg2 Bg7 6. d3 O-O 7. O-O d5 8. cxd5 Nxd5 9. Bd2 Nc7 10.
Rb1 e5 11. Qc1 Re8 12. Bg5 f6 13. Be3 Nd4 14. Rd1 Rb8 15. Bxd4 exd4 16. Ne4 b6 17. Re1 Be6 18. a3 Kh8 19.
b4 cxb4 20. axb4 f5 21. Ned2 Nd5 22. Nc4 Bg8 23. Qb2 Nc3 24. Ra1 Re7 25. Bf1 Rc8 26. Ra3 Bd5 27. Qd2 Qd7 28. Qf4 Bxc4 29.
dxc4 Rxc4 30. Qb8+ Rc8 31. Qf4 Rce8 32. Qd2 Rd8 33. Qd3 Qd6 34. Rb3 Qd5 35. Rb2 Rde8 36. Rd2 Rd8 37. Bg2 Qd6 38.
e3 Qxb4 39. Rc1 Red7 40. Qc2 dxe3 41. Rxd7 exf2+ 42. Qxf2 Rxd7 43. Re1 Rd8 44. Ng5 Bd4 0-1

[Event "Vegagatan O1800 RPD"]
[Site "Goteborgs Schackcentrum, Vegatan 20, Gothenburg, Sweden"]
[Date "2025.05.03"]
[Round "3.2"]
[White "Torres, Lucas"]
[Black "Karlsson, Roger"]
[Result "1/2-1/2"]
[TimeControl "29 minutes + 30 seconds per move from move one"]
[WhiteFideId "1769464"]
[BlackFideId "1732293"]
[WhiteElo "1998"]
[BlackElo "1886"]

1. e4 d6 2. d4 Nf6 3. Bd3 e5 4. c3 Be7 5. Nf3 Nbd7 6. O-O O-O 7. Nbd2 c6 8. Re1 Qc7 9. Nf1 Re8 10.
Ng3 Nf8 11. h3 Ng6 12. Bd2 Bf8 13. Qc2 Bd7 14. Rad1 Rad8 15. Bg5 Be7 16. Nf5 Qc8 17. dxe5 dxe5 18. Bxf6 gxf6 19. N3h4 Bf8 20.
Bf1 Be6 21. a3 Kh8 22. Rxd8 Rxd8 23. Rd1 Bc5 24. b4 Bf8 25.
c4 Nxh4 26. Nxh4 Rxd1 27. Qxd1 Qd7 28. Qf3 Bg7 29. Nf5 Bxf5 30. exf5 Qd4 31. b5 Qd6 32. a4 Kg8 33. a5 a6 34.
bxa6 bxa6 35. Qb3 c5 36. Qb7 Bf8 37. g3 Be7 38. Bg2 Bd8 39. Bd5 Bc7 40. h4 Kg7 41. h5 h6 42. Kg2 e4 43.
Qc6 Qxc6 44. Bxc6 Bxa5 45. Bxe4 Bc3 46. Bc6 Kf8 47. f4 Ke7 48. Kf3 Bd2 49. Ke4 Kd6 1/2-1/2

[Event "Vegagatan O1800 RPD"]
[Site "Goteborgs Schackcentrum, Vegatan 20, Gothenburg, Sweden"]
[Date "2025.05.03"]
[Round "3.3"]
[White "Klouda, James"]
[Black "Kaplan, Viktor"]
[Result "0-1"]
[TimeControl "29 minutes + 30 seconds per move from move one"]
[WhiteFideId "1795759"]
[BlackFideId "1780956"]
[WhiteElo "1814"]
[BlackElo "1822"]

1. d4 Nf6 2. Bf4 d5 3. Nf3 c5 4. c3 Qb6 5. b3 Nc6 6. e3 h6 7. Bd3 e6 8. Nbd2 Nh5 9. Bg3 Nxg3 10.
fxg3 Bd6 11. Qe2 Bd7 12. e4 O-O-O 13. e5 Be7 14. O-O cxd4 15. c4 Nb4 16. Kh1 f5 17. a3 Nxd3 18. Qxd3 Bc6 19.
Rfc1 Kb8 20. b4 dxc4 21. Nxc4 Qa6 22. Rab1 Be4 23. Qb3 b5 24. Na5 Rc8 25. Ra1 Qb6 26. Nxd4 Qxd4 27. Qxe6 Qb2 28.
Rg1 Bxg2+ 29. Rxg2 Qxa1+ 30. Rg1 Rc1 31. Nc6+ Rxc6 32. Qxc6 Qxe5 33. Rd1 Qe4+ 34. Qxe4 fxe4 35. Rd7 Bf6 36.
Kg2 Rd8 37. Rxd8+ Bxd8 38. Kf2 Bb6+ 39. Ke2 Kc7 40. g4 g5 41. h3 Kd6 42. Kd2 Ke5 0-1

[Event "Vegagatan O1800 RPD"]
[Site "Goteborgs Schackcentrum, Vegatan 20, Gothenburg, Sweden"]
[Date "2025.05.03"]
[Round "3.4"]
[White "Garby, Jacob"]
[Black "Christoforidis, Nicolas"]
[Result "0-1"]
[TimeControl "29 minutes + 30 seconds per move from move one"]
[WhiteFideId "1786520"]
[BlackFideId "1789180"]
[WhiteElo "1820"]
[BlackElo "1829"]

1. d4 d6 2. d5 c6 3. c4 Nf6 4. Nc3 g6 5. Nf3 Bg7 6. Bg5 Qa5 7. Qd2 Nbd7 8. a3 Qc7 9. g3 a5 10.
Bg2 Nc5 11. Qc2 Bf5 12. Qd1 Nfe4 13. Rc1 Nxc3 14. bxc3 Ne4 15. Nd4 Nxg5 16. Nxf5 gxf5 17. h4 Ne4 18. Bxe4 fxe4 19. Qc2 cxd5 20. O-O Qxc4 21. Rfd1 O-O 0-1